 Dungeon Crawl Stone Soup version 0.19-a0-734-ge18daf0 (webtiles) character file.

273 mistymad the Shooter (level 6, 0/52 HPs)
             Began as a Centaur Hunter on June 22, 2016.
             Was an Initiate of Fedhas.
             Succumbed to a worker ant's poison
             ... on level 4 of the Dungeon.
             The game lasted 00:09:26 (4358 turns).

mistymad the Shooter (Centaur Hunter)               Turns: 4358, Time: 00:09:27

Health: 0/52       AC:  6    Str: 15    XL:     6   Next: 3%
Magic:  6/6        EV:  9    Int: 10    God:    Fedhas [......]
Gold:   176        SH:  0    Dex: 11    Spells: 0 memorised, 5 levels left

rFire  . . .     SeeInvis .     b - +0 short sword
rCold  . . .     Gourm    .     c - +0 leather armour
rNeg   . . .     Faith    .     (no shield)
rPois  .         Spirit   .     o - +0 helmet (curse)
rElec  .         Dismiss  .     l - +0 cloak
rCorr  .         Reflect  .     (no gloves)
SustAt .         Harm     .     (no barding)
MR     .....                    (no amulet)
Stlth  +.........               (no ring)
                                (no ring)

@: lethally poisoned (0 -> -1), very quick, not resistant to hostile
enchantments, very unstealthy
A: hooves 3, deformed body, speed 2, tough skin 3
a: Renounce Religion


You were on level 4 of the Dungeon.
You worshipped Fedhas.
Fedhas was noncommittal.
You were not hungry.

You visited 1 branch of the dungeon, and saw 4 of its levels.

You collected 176 gold pieces.

Inventory:

Hand Weapons
 a - a +2 shortbow
 b - a +0 short sword (weapon)
Armour
 c - a +0 leather armour (worn)
 d - a +0 centaur barding
 l - a +0 cloak (worn)
 o - a cursed +0 helmet (worn)
Jewellery
 v - a +4 ring of dexterity
Scrolls
 g - 2 scrolls of identify
 s - a scroll of teleportation
Comestibles
 f - 3 bread rations
 h - 2 chunks of flesh
 q - 2 slices of pizza
 t - 3 fruits
 u - a beef jerky


   Skills:
 + Level 4.3 Fighting
 - Level 0.1 Short Blades
 + Level 7.8 Bows
 - Level 0.4 Armour
 - Level 1.3 Dodging
 - Level 0.7 Stealth


You had 5 spell levels left.
You didn't know any spells.

Dungeon Overview and Level Annotations

Branches:
Dungeon (4/15)
 Temple: D:4-7

Altars:
Fedhas
Ru
Vehumet
Xom

Annotations:
D:2 Sigmund


Innate Abilities, Weirdness & Mutations

You have hooves in place of feet.
Armour fits poorly on your strangely shaped body.
You cover ground very quickly.
You have extremely tough skin. (AC +3)


Message History

The crimson imp barely misses you.
Unknown command.
You hit the worker ant. You kick the worker ant.
The worker ant is almost dead.
The worker ant bites you but does no damage.
The crimson imp hits you but does no damage.
The worker ant barely misses you.
You closely miss the worker ant.
The worker ant is almost dead.
The worker ant bites you but does no damage.
The crimson imp hits you but does no damage.
Unknown command.
You barely miss the worker ant. Your kick misses the worker ant.
The worker ant is almost dead.
The worker ant bites you but does no damage.
The crimson imp hits you but does no damage.
You hit the worker ant.
The worker ant is almost dead.
You die...
Fedhas appreciates your contribution to the ecosystem.

# #..# #... #≈# .
#...##...#### ##≈# ..
##.%..##.##≈≈####5≈##
o..
#...(.....≈≈≈≈≈%≈≈≈≈#
o...
.>.......##≈≈####≈≈##
..... ..........####
#### ......
..####w### #5# #@#
#a# #.. .... .#.$. ##
##.. ... ##.


You could see a worm, a worker ant and a crimson imp.

Vanquished Creatures
  The ghost of Xiguana the Ruffian, an amateur VSMo (D:3)
  A hound skeleton (D:4)
  6 adders
  An ooze (D:1)
  A dart slug (D:1)
  5 giant geckos
  7 orcs
  4 giant cockroaches
  8 goblins
  11 hobgoblins
  6 jackals
  6 kobolds
  2 quokkas
  A ball python (D:3)
  5 bats
  7 giant newts
  A quokka skeleton (D:4)
  11 rats
84 creatures vanquished.

Vanquished Creatures (others)
  4 toadstools (D:3)
4 creatures vanquished.

Grand Total: 88 creatures vanquished

Notes
Turn   | Place    | Note
--------------------------------------------------------------
     0 | D:1      | mistymad the Centaur Hunter began the quest for the Orb.
     0 | D:1      | Reached XP level 1. HP: 17/17 MP: 1/1
   187 | D:1      | Reached XP level 2. HP: 9/24 MP: 2/2
   235 | D:1      | Reached skill level 6 in Bows
  1255 | D:1      | Reached XP level 3. HP: 25/29 MP: 3/3
  1842 | D:2      | Found a radiant altar of Vehumet.
  2725 | D:2      | Reached XP level 4. HP: 37/37 MP: 4/4
  2913 | D:2      | Found a sacrificial altar of Ru.
  2913 | D:2      | Found a blossoming altar of Fedhas.
  2957 | D:2      | Became a worshipper of Fedhas Madash
  3018 | D:2      | Noticed Sigmund
  3671 | D:3      | Noticed Xiguana's ghost (amateur VSMo)
  3686 | D:3      | Killed Xiguana's ghost
  3686 | D:3      | Reached skill level 7 in Bows
  3686 | D:3      | Reached XP level 5. HP: 24/46 MP: 5/5
  4265 | D:4      | Found a shimmering altar of Xom.
  4323 | D:4      | Reached XP level 6. HP: 18/52 MP: 6/6
  4353 | D:4      | HP: 1/52 [worker ant (2)]
  4358 | D:4      | Succumbed to a worker ant's poison

Vault maps used:
D:1:      dpeg_arrival_yet_another_circle, fountainhead, minmay_door_square,
          kennysheep_another_room
D:2:      kennysheep_goblin_castle, marbit_many_paths,
          amethyst_overflow_temple_binary, minmay_misc_feat_four_crosses,
          uniq_sigmund
D:4:      first_bread, gup_sewer_entry_bubbles, led_xom_imps

Skill      XL: |  1  2  3  4 |
---------------+-------------+-----
Bows           | 6 7 |  7.8
Fighting       | 4 |  4.3
Short Blades   | |  0.1
Armour         | |  0.4
Dodging        | |  1.3
Stealth        | |  0.7

Action                   |  1- 3 |  4- 6 || total
-------------------------+-------+-------++-------
Melee: Short sword       |   167 |   114 ||   281
       Kick              |    24 |    18 ||    42
 Fire: Shortbow          |    18 |    61 ||    79
  Use: Scroll            |       |     7 ||     7
       Potion            |       |     4 ||     4
  Eat: Chunk             |     4 |     5 ||     9
Armor: Leather armour    |    86 |    53 ||   139
Dodge: Dodged            |    96 |    70 ||   166
